 Dungeon Crawl Stone Soup version 0.31-a0-331-geda263fcf1 (webtiles) character file.

Game seed: 13512731349400577767

739 Fodor the Covered (level 7, -2/61 HPs)
             Began as a Minotaur Fighter on July 19, 2023.
             Was an Initiate of Gozag.
             Slain by an ogre
             ... wielding a +0 giant club
              (4 damage)
             ... on level 5 of the Dungeon.
             The game lasted 00:29:22 (4876 turns).

Fodor the Covered (Minotaur Fighter)                Turns: 4876, Time: 00:29:23

Health: -2/61      AC:  9    Str: 29    XL:     7   Next: 46%
Magic:  6/6        EV: 10    Int:  5    God:    Gozag
Gold:   159        SH:  4    Dex:  9    Spells: 6/6 levels left

rFire   . . .        a - +0 long sword
rCold   . . .        c - +0 buckler
rNeg    . . .        b - +0 scale mail
rPois   .            (helmet restricted)
rElec   .            (no cloak)
rCorr   .            m - +0 pair of gloves
SInv    .            (no boots)
Will    .....        v - amulet of regeneration Stlth
                     o - +6 ring of strength
HPRegen 1.10/turn    z - ring of wizardry
MPRegen 0.10/turn

%: wizardry (x1)
@: very slow
A: horns 2, retaliatory headbutt
a: Renounce Religion, Potion Petition, Call Merchant, Bribe Branch


You were on level 5 of the Dungeon.
You worshipped Gozag.
Gozag was aware of your devotion.
You visited 2 branches of the dungeon, and saw 6 of its levels.
You also visited: Sewer and Ossuary.

You collected 221 gold pieces.
You paid 62 gold pieces to Gozag.

Inventory:

Hand Weapons
 a - a +0 long sword (weapon)
 s - a +0 dagger of venom
Missiles
 g - 9 poisoned darts (quivered)
 n - a throwing net
Armour
 b - a +0 scale mail (worn)
 c - a +0 buckler (worn)
 m - a +0 pair of gloves (worn)
Jewellery
 i - a ring of magical power
 o - a +6 ring of strength (left hand)
 v - an amulet of regeneration (around neck)
 z - a ring of wizardry (right hand)
Wands
 w - a wand of light (11)
Scrolls
 e - a scroll of torment {unknown}
 h - a scroll of brand weapon {unknown}
 j - a scroll of teleportation {unknown}
 l - a scroll of silence {unknown}
 p - 2 scrolls of enchant weapon {unknown}
 q - a scroll of butterflies {unknown}
 y - a scroll of vulnerability {unknown}
 A - a scroll of noise {unknown}
 C - 3 scrolls of identify {unknown}
Potions
 d - 2 potions of might
 f - 5 potions of curing {unknown}
 k - a potion of attraction {unknown}
 r - a potion of invisibility {unknown}
 t - 2 potions of enlightenment
 u - 3 potions of heal wounds
 x - 2 potions of haste {unknown}
 B - 2 potions of ambrosia {unknown}
 D - a potion of degeneration {unknown}
 E - a potion of magic {unknown}
 F - a potion of brilliance {unknown}


   Skills:
 + Level 5.3 Fighting
 + Level 6.0 Long Blades
 + Level 0.2 Throwing
 + Level 6.6 Armour
 + Level 2.4 Dodging
 + Level 0.3 Stealth
 + Level 4.9 Shields


You had 6 spell levels left.
You didn't know any spells.
Your spell library contained the following spells:

 Spells                   Type           Power      Damage    Failure   Level
 Dazzling Flash           Conj/Hex       0%         N/A       78%         3
 Hailstorm                Conj/Ice       0%         3d3       78%         3
 Portal Projectile        Hex/Tloc       0%         N/A       78%         3
 Tukima's Dance           Hex            0%         N/A       78%         3
 Volatile Blastmotes      Fire/Tloc      0%         2d10      78%         3
 Iskenderun's Mystic Bla  Conj/Tloc      0%         2d3       99%         4
 Summon Ice Beast         Ice/Summ       0%         N/A       99%         4
 Starburst                Conj/Fire      0%         6d3       100%        6
 Maxwell's Capacitive Co  Air            0%         ∞         100%        8
 Simulacrum               Ice/Necr       Unusable   N/A       N/A         6

Dungeon Overview and Level Annotations

Branches:
Dungeon (5/15)             Temple (1/1) D:5           Sewer (visited)
Ossuary (visited)

Altars:
Ashenzari
Cheibriados
Dithmenos
Elyvilon
Fedhas
Gozag
Kikubaaqudgha
Makhleb
Nemelex Xobeh
Okawaru
Qazlal
Sif Muna
Trog
Uskayaw
Wu Jian
Xom
Yredelemnul
Zin
The Shining One

Shops:
D:2 :   D:4 [   D:5 (


Innate Abilities, Weirdness & Mutations

You have a pair of horns on your head.
You reflexively headbutt those who attack you in melee.


Message History

Why would you want to do that?
You enter the shallow water.
Moving in this stuff is going to be slow.
Found a potion of might.
You enter the shallow water.
Moving in this stuff is going to be slow.
You enter the shallow water.
Moving in this stuff is going to be slow.
d - 2 potions of might (gained 1)
Found a book of the Tundra.
You pick up a book of the Tundra and begin reading...
You add the spells Hailstorm and Summon Ice Beast to your library.
An ogre comes into view. It is wielding a +0 giant club.
The ogre shouts!
You enter the shallow water.
Moving in this stuff is going to be slow.
Found Jorchux's Firing Range.
You enter the shallow water.
Moving in this stuff is going to be slow.
Found a stone.
Found a poisoned dart.
The ogre hits you with a +0 giant club.
You hit the ogre but do no damage. Your headbutt misses the ogre.
The ogre misses you.
Your unstable footing causes you to fumble your attack.
The ogre hits you with a +0 giant club!
You closely miss the ogre.
The ogre hits you with a +0 giant club!!
You hit the ogre.
The ogre is lightly wounded.
The ogre hits you with a +0 giant club.
Your unstable footing causes you to fumble your attack.
You hit the ogre.
The ogre is lightly wounded.
The ogre hits you with a +0 giant club!!
* * * LOW HITPOINT WARNING * * *
You hit the ogre.
The ogre is moderately wounded.
The ogre hits you with a +0 giant club.
You die...
Your body crumbles into a pile of gold.

~.~~~~~.~≈.≈≈≈# #..#
~.....~..~...# ##.#
....~~~~.~.#.#### #..
.~........#.....## ###
##########..###..######
#~......~......#≈
#.~≈≈~.~~.~~~≈.~.≈
#.~~≈~~~~~O~≈~≈.≈~
..~≈≈~~.~~~@~~~.~~≈
..#≈≈≈≈.≈~≈~~~~.≈~~. .
#≈≈≈≈#~.......~...
#≈≈≈######..#..#.. ≈#
##....... #.##∩## # .#
.(# ## .# (# ##. ###..


You could see an ogre.

Vanquished Creatures
  A black bear (D:4)
  Blork the orc (D:4)
  2 kobold brigands
  A gnoll sergeant (D:5)
  An iguana (D:5)
  An orc wizard (D:5)
  Natasha (D:2)
  A mummy (Ossuary)
  5 gnolls (D:5)
  7 adders
  4 river rats
  2 shadow imps (D:5)
  A dart slug (D:2)
  4 orcs
  2 spectral bats (Ossuary)
  6 ball pythons
  3 endoplasms
  6 giant cockroaches
  12 gnoll zombies (Ossuary)
  5 goblins
  8 hobgoblins
  4 jackals
  4 quokkas
  4 bats
  4 frilled lizards
  2 goblin simulacra (Ossuary)
  4 goblin zombies (Ossuary)
  2 hobgoblin zombies (Ossuary)
  14 kobolds
  4 kobold simulacra (Ossuary)
  7 kobold zombies (Ossuary)
  5 orc zombies (Ossuary)
  5 rats
  5 rat simulacra (Ossuary)
  3 spectral goblins (Ossuary)
  3 spectral kobolds (Ossuary)
  3 spectral rats (Ossuary)
147 creatures vanquished.

Notes
Turn   | Place    | Note
-------+----------+-------------------------------------------
     0 | D:1      | Fodor the Minotaur Fighter began the quest for the Orb.
     0 | D:1      | Reached XP level 1. HP: 19/19 MP: 0/0
   180 | D:1      | Reached XP level 2. HP: 24/27 MP: 1/1
   945 | D:2      | Reached XP level 3. HP: 27/33 MP: 2/2
  1260 | D:2      | Found Kihireir's Book Shoppe.
  1388 | D:2      | Noticed Natasha
  1392 | D:2      | Killed Natasha
  1393 | D:2      | Reached XP level 4. HP: 34/41 MP: 3/3
  1483 | D:3      | Found a stormy altar of Qazlal.
  1486 | D:3      | Found a basalt altar of Yredelemnul.
  2134 | D:3      | Found a glowing drain.
  2149 | Sewer    | Entered a sewer
  2165 | Sewer    | Reached XP level 5. HP: 32/47 MP: 4/4
  2284 | Sewer    | Reached skill level 5 in Armour
  2284 | Sewer    | Reached skill level 1 in Dodging
  2411 | Sewer    | Found a white marble altar of Elyvilon.
  2808 | D:4      | Noticed Blork the orc
  2818 | D:4      | Killed Blork the orc
  2819 | D:4      | Reached XP level 6. HP: 20/55 MP: 5/5
  3230 | D:4      | Found Cexeub's Antique Armour Boutique.
  3300 | D:4      | Reached skill level 5 in Long Blades
  3453 | D:4      | Reached skill level 5 in Fighting
  3598 | D:5      | Entered Level 5 of the Dungeon
  3609 | D:5      | Reached XP level 7. HP: 61/61 MP: 6/6
  3644 | D:5      | Found a sand-covered staircase.
  3693 | Ossuary  | Entered an ossuary
  4198 | D:5      | Found a staircase to the Ecumenical Temple.
  4207 | Temple   | Entered the Ecumenical Temple
  4576 | D:5      | Found an opulent altar of Gozag.
  4583 | D:5      | Became a worshipper of Gozag Ym Sagoz the Greedy
  4867 | D:5      | Found Jorchux's Firing Range.
  4875 | D:5      | HP: 1/61 [ogre/+0 giant club (22)]
  4876 | D:5      | Slain by an ogre

Illustrated notes

Levels and vault maps discovered:
D:1:      amcnicky_arrival_feature_with_door, layout_basic,
          serial_bayou_crossing
D:2:      layout_loops_ring, serial_shops, shop, uniq_natasha
D:3:      layout_basic, nicolae_overflow_squiral, gup_sewer_entry_bubbles,
          roderic_serpentine_path
D:4:      layout_loops_ring, serial_shops, shop, uniq_blork_the_orc
D:5:      layout_cave_pods, nicolae_gozag_cash_rules_everything_around_me,
          minmay_temple_entry_stoned_glass, serial_rivers,
          chequers_serial_rivers_small_3, chequers_serial_rivers_marsh,
          chequers_serial_rivers_marsh, chequers_serial_rivers_large_a,
          enter_ossuary_1, nicolae_shop_firing_range
Temple:   eino_temple_rhombus

Skill      XL: |  1  2  3  4  5  6  7 |
---------------+----------------------+-----
Fighting       | 4 5 |  5.3
Armour         | 4 5 6 |  6.6
Long Blades    | 3 4 5 6 |  6.0
Shields        | 4 |  4.9
Dodging        | 1 2 |  2.4
Throwing       | |  0.2
Stealth        | |  0.3

Action                     |  1- 3 |  4- 6 |  7- 9 || total
---------------------------+-------+-------+-------++-------
  Melee: Long sword        |    94 |   123 |   171 ||   388
         Headbutt          |     8 |    20 |    30 ||    58
  Throw: Dart              |       |     5 |     3 ||     8
 Armour: Scale mail        |    52 |    97 |    77 ||   226
  Dodge: Dodged            |    54 |    90 |    82 ||   226
  Block: Buckler           |    31 |    35 |    33 ||    99

Table legend: (Time is in decaauts)
 A = Elapsed time spent in this place.
 B = Non-inter-level travel time spent in this place.
 C = Inter-level travel time spent in this place.
 D = Time resting spent in this place.
 E = Time spent auto-exploring this place.
 F = Levels seen in this place.
 G = Mean time per level.
                   A        B        C        D        E       F      G
               +--------+--------+--------+--------+--------+-----+--------+
         Total |   5039 |   4775 |    264 |    288 |      0 |   8 |  629.9 |
       Dungeon |   4121 |   3857 |    264 |    148 |      0 |   5 |  824.2 |
        Temple |     92 |     92 |      0 |      0 |      0 |   1 |   92.0 |
         Sewer |    347 |    347 |      0 |    140 |      0 |   1 |  347.0 |
       Ossuary |    478 |    478 |      0 |      0 |      0 |   1 |  478.0 |
               +--------+--------+--------+--------+--------+-----+--------+

Top non-repeatable levels by time:
     D:3: 1084 daAuts
     D:4: 810 daAuts
     D:1: 785 daAuts
     D:5: 748 daAuts
     D:2: 693 daAuts
 Ossuary: 478 daAuts
   Sewer: 347 daAuts
  Temple: 92 daAuts
